AoeStats
← Your Doom

Arena

507871476Analyzed
4v4 RM · 12d ago on Sep 20, 2026· 21m 55s· 8 players
Game mode
Random Map
Map size
Large (8 player)
Population
200
Speed
Normal
Resources
Standard
Victory
Conquest
Starting age
Dark Age
Ending age
Imperial Age
RankedLock teamsTeams togetherTeam positionsShared explorationLock speedFull tech treeHidden civsTurbo modeCheats
Victory
Defeat
🇵🇪 Bohemians · Peru
929
+15
🇦🇷 Magyars · Argentina
928
+15
🇧🇷 Spanish · Brazil
896
+16
🇧🇷 Italians · Brazil
896
+16
🇨🇦 Spanish · Canada
957
-19
🇨🇦 Portuguese · Canada
893
-15
🇵🇹 Portuguese · Portugal
873
-14
🇯🇵 Mongols · Japan
863
-14
614Superdry
11:57 Feudal Age
17:03 Castle Age
15:15 Double-Bit Axe
15:53 Gold Mining
16:32 Stone Mining
16:25 Horse Collar
19:04 Stone Shaft Mining
19:12 Loom
Your Doom
8:39 Loom
11:35 Feudal Age
14:50 Horse Collar
16:11 Wheelbarrow
19:52 Castle Age
18:02 Double-Bit Axe
missahmiccy
0:41 Loom
2:25 Loom
11:39 Feudal Age
13:12 Double-Bit Axe
13:52 Horse Collar
16:05 Wheelbarrow
21:30 Castle Age
19:39 Gold Mining
19:39 Stone Mining
20:39 Forging
Jewish Conspirator
11:42 Feudal Age
13:24 Wheelbarrow
12:36 Double-Bit Axe
17:19 Castle Age
15:54 Stone Mining
17:12 Gold Mining
21:08 Hand Cart
SirCardoso
12:49 Feudal Age
18:05 Castle Age
16:57 Double-Bit Axe
17:02 Horse Collar
19:53 Loom
NEO
11:59 Feudal Age
12:50 Town Watch
12:54 Double-Bit Axe
12:53 Horse Collar
18:52 Castle Age
21:51 Wheelbarrow
22:31 Chemistry
21:45 Fervor
22:08 Fletching
luiz
11:37 Feudal Age
16:31 Castle Age
15:55 Double-Bit Axe
15:56 Horse Collar
16:13 Loom
17:33 Heavy Plow
18:50 Forging
18:45 Scale Barding Armor
18:31 Fletching
juan.uquia
3:38 Loom
5:43 Loom
11:22 Feudal Age
12:18 Feudal Age
16:36 Castle Age
15:13 Horse Collar
Connection lost

Rejoining the realm…

Still unreachable

The connection could not be restored.

Session expired

The server has moved on; the page needs a fresh start.